Map: Blackpink LE

Players

Hurricane - Winner!

  • Race: Protoss Protoss
  • Spawn Location: 7:00

TRUE

  • Race: Zerg Zerg
  • Spawn Location: 1:00

Event: IEM Season 12 - Katowice

VOD

Have the link to the VOD?

Description

Time

  • Played on: March 1, 2018, 1:02 p.m.
  • Length: 8:25

All games in this series

Show
View Real Time Build Order
Export as new Build Order

Hurricane Protoss - Winner!

Build Orders: 1 Gate Expand, Oracle Opening, Phoenix Opening, Zealot Archon 

Get SALT Encoding   

  12  0:00  Probe  
  13  0:12  Probe  
  14  0:19  Pylon  
  14  0:24  Probe  
  15  0:38  Probe (Chrono Boost)  
  15  0:41  Gateway  
  16  0:46  Probe (Chrono Boost)  
  16  0:48  Assimilator  
  17  0:52  Probe  
  18  1:04  Probe  
  19  1:16  Probe  
  20  1:25  Nexus  
  20  1:33  Cybernetics Core  
  20  1:37  Probe  
  21  1:45  Assimilator  
  21  1:49  Probe  
  21  1:52  Pylon  
  22  2:01  Probe  
  23  2:10  Adept (Chrono Boost)  
  23  2:13  Probe  
  26  2:19  Stargate  
  26  2:26  Probe  
  26  2:28  Warp Gate  
  27  2:33  Adept (Chrono Boost)  
  29  2:37  Probe (Chrono Boost)  
  29  2:44  Probe (Chrono Boost)  
  31  2:47  Probe (Chrono Boost)  
  31  2:51  Adept (Chrono Boost), Probe (Chrono Boost)  
  33  2:52  Probe (Chrono Boost)  
  36  3:02  Probe  
  36  3:03  Probe, Phoenix (Chrono Boost)  
  40  3:14  Probe  
  40  3:18  Probe  
  40  3:19  Pylon  
  42  3:24  Twilight Council  
  42  3:26  Probe  
  43  3:31  Probe, Gateway  
  44  3:40  Probe  
  47  3:42  Oracle (Chrono Boost)  
  47  3:46  Probe  
  49  3:49  Gateway  
  49  3:50  Pylon  
  49  3:53  Probe  
  50  3:55  Assimilator  
  50  4:01  Assimilator  
  50  4:02  Resonating Glaives (Chrono Boost)  
  50  4:03  Probe  
  50  4:05  Probe  
  52  4:16  Probe  
  51  4:19  Probe  
  51  4:23  Pylon  
  50  4:28  Probe  
  51  4:33  Probe  
  51  4:34  Adept  
  51  4:35  Adept  
  56  4:47  Probe  
  56  4:48  Probe, Nexus  
  56  4:50  Pylon  
  56  4:51  Adept  
  60  4:57  Adept  
  60  4:58  Adept  
  64  5:02  Probe  
  66  5:07  Robotics Facility  
  66  5:16  Sentry  
  67  5:22  Sentry x2  
  67  5:23  Gateway  
  67  5:25  Gateway  
  67  5:27  Gateway  
  71  5:34  Probe  
  70  5:42  Charge (Chrono Boost)  
  70  5:47  Gateway  
  70  5:48  Gateway  
  66  5:52  Pylon, Templar Archives  
  66  5:53  Immortal (Chrono Boost)  
  66  5:59  Adept  
  66  6:00  Zealot, Sentry  
  66  6:01  Probe  
  73  6:04  Probe  
  73  6:10  Probe, Forge  
  75  6:22  Probe x2  
  75  6:25  Probe, Warp Prism (Chrono Boost)  
  78  6:28  Pylon  
  80  6:34  Probe, High Templar x2  
  80  6:37  Pylon  
  80  6:38  Zealot, Archon  
  80  6:39  Zealot x2  
  91  6:43  Zealot  
  93  6:52  Adept x2  
  97  6:58  Probe x2  
  97  6:59  Adept  
  97  7:00  Adept, Pylon  
  103  7:02  Adept  
  105  7:12  Probe x3  
  108  7:15  Adept x2  
  108  7:16  Adept x2  
  108  7:20  Pylon, High Templar x2  
  120  7:24  Archon  
  120  7:26  Sentry  
  112  7:38  Zealot x4  
  112  7:39  Zealot  
  112  7:44  Pylon  
  122  7:46  Assimilator x2  
  122  7:55  Zealot x3  
  128  7:59  Adept x2  
  128  8:03  Pylon x2, Zealot x3  
  124  8:16  Zealot  
  124  8:17  Zealot x2  
  128  8:21  Zealot x2  
Show
View Real Time Build Order
Export as new Build Order

TRUE Zerg 

Build Orders: Hatch First 

Get SALT Encoding   

  12  0:00  Drone  
  13  0:12  Overlord  
  13  0:17  Drone  
  14  0:30  Drone  
  14  0:31  Drone  
  17  0:35  Drone  
  17  0:52  Hatchery  
  16  0:59  Drone  
  17  1:08  Spawning Pool  
  16  1:12  Drone  
  16  1:15  Extractor  
  16  1:17  Drone  
  17  1:21  Drone  
  18  1:29  Drone  
  19  1:43  Overlord  
  19  1:55  Queen  
  19  1:56  Zergling x2  
  22  2:02  Drone  
  22  2:04  Queen  
  22  2:05  Drone  
  26  2:12  Drone  
  26  2:14  Drone  
  28  2:16  Metabolic Boost  
  28  2:21  Drone  
  30  2:30  Drone  
  30  2:35  Drone  
  31  2:40  Hatchery  
  30  2:47  Queen  
  32  2:53  Drone x2  
  32  2:54  Drone  
  32  2:57  Overlord  
  36  3:05  Drone  
  36  3:16  Zergling x2  
  36  3:17  Zergling x6  
  36  3:18  Drone x2  
  42  3:29  Drone  
  42  3:31  Drone  
  44  3:34  Overlord  
  44  3:40  Overlord  
  44  3:43  Overlord  
  44  3:49  Overlord  
  44  3:51  Overlord  
  44  3:52  Queen  
  44  3:53  Drone x4  
  50  3:55  Spore Crawler  
  50  3:56  Spore Crawler  
  50  3:59  Drone  
  49  4:06  Lair  
  49  4:08  Drone  
  49  4:09  Drone x2  
  51  4:10  Drone  
  51  4:12  Drone  
  51  4:13  Drone  
  51  4:15  Drone  
  53  4:18  Drone  
  53  4:22  Drone x2  
  55  4:25  Drone x2  
  55  4:28  Spore Crawler  
  56  4:34  Extractor  
  56  4:38  Drone x5  
  59  4:46  Drone x2  
  59  4:52  Drone x2  
  63  4:53  Drone x2  
  63  4:55  Drone x3  
  63  4:56  Drone  
  63  4:59  Overlord  
  69  5:08  Overlord  
  69  5:14  Zergling x10  
  72  5:16  Hydralisk Den  
  72  5:17  Extractor  
  72  5:18  Extractor  
  71  5:21  Evolution Chamber  
  71  5:23  Drone  
  71  5:25  Zergling x14  
  65  5:45  Drone  
  65  5:46  Drone x7, Grooved Spines  
  65  5:47  Zerg Missile Weapons Level 1  
  70  5:58  Overlord  
  70  6:00  Hydralisk x2  
  70  6:01  Hydralisk  
  70  6:02  Drone x2  
  78  6:05  Extractor  
  78  6:07  Drone x4  
  79  6:20  Hydralisk  
  79  6:21  Hydralisk x2  
  79  6:23  Hydralisk  
  79  6:24  Hydralisk  
  80  6:30  Drone x2  
  81  6:34  Zergling x4  
  81  6:35  Zergling x10  
  88  6:42  Hydralisk  
  88  6:43  Hydralisk  
  88  6:44  Hydralisk x2  
  88  6:45  Hydralisk  
  98  6:49  Overlord  
  98  6:53  Overlord  
  98  7:08  Hatchery  
  98  7:12  Zergling x8  
  98  7:13  Zergling x14  
  98  7:14  Zergling x2  
  108  7:16  Zergling x2  
  108  7:17  Zergling x2  
  108  7:18  Zergling x2  
  108  7:19  Zergling x2  
  108  7:20  Zergling x2  
  113  7:24  Zergling x2  
  113  7:28  Zergling x2  
  113  7:29  Zergling x2  
  112  7:35  Hydralisk x2  
  112  7:36  Hydralisk x2  
  94  7:37  Hydralisk  
  94  7:41  Hydralisk  
  94  7:43  Hydralisk  
  98  7:46  Hydralisk  
  98  7:47  Hydralisk  
  98  7:51  Hydralisk  
  98  7:53  Hydralisk  
  98  7:57  Hydralisk x2  
  96  7:59  Zergling x2  
  96  8:01  Zergling x2  
  96  8:03  Zergling x2  
  96  8:04  Zergling x2  
  96  8:05  Zergling x2  

Tags
 
Add a new tag
Caveats
  • Supply blocks, unpowered buildings, or Contaminate may cause inaccurate times.
  • Supply counts are checked every 10 seconds.